 Dungeon Sprint DCSS version 0.28.0-47-ge53b351184 (webtiles) character file.

Game seed: 2392863581313262030

6332 Zeld the Severer (level 10, 0/105 HPs)
             Began as a Minotaur Fighter on Apr 28, 2022.
             Was a High Priest of Trog.
             Slain by a catoblepas (10 damage)
             ... while petrified by a catoblepas
             ... in the Dungeon (Sprint IX: "|||||||||||||||||||||||||||||").
             The game lasted 00:03:21 (1138 turns).

Zeld the Severer (Minotaur Fighter)                 Turns: 1138, Time: 00:03:22

Health: 0/105      AC: 10    Str: 25    XL:     10   Next: 64%
Magic:  9/9        EV:  2    Int:  5    God:    Trog [*****.]
Gold:   0          SH:  0    Dex: 10    Spells: 9/9 levels left

rFire   . . .      SeeInvis .   a - +7 war axe (vorpal)
rCold   . . .      Faith    .   c - +0 buckler
rNeg    + + +      Spirit   .   b - +0 scale mail
rPois   ∞          Reflect  .   (helmet restricted)
rElec   .          Harm     .   (no cloak)
rCorr   .          Rampage  .   (no gloves)
Will    ++...      NoTele   +   l - +0 pair of boots
Stlth   ..........              (no amulet)
HPRegen 1.27/turn               (no ring)
MPRegen 0.11/turn               (no ring)

@: petrified, strong-willed (expiring), on berserk cooldown, regenerating
(expiring), slowed
A: horns 2, retaliatory headbutt
a: Renounce Religion, Berserk, Trog's Hand, Brothers in Arms


You were in the Dungeon.
You worshipped Trog.
Trog was extremely pleased with you.
You visited 1 branch

Inventory:

Hand Weapons
 a - a +7 vorpal war axe (weapon)
Armour
 b - a +0 scale mail (worn)
 c - a +0 buckler (worn)
 l - a +0 pair of boots (worn)
Wands
 k - a wand of acid (10)
Scrolls
 j - 3 scrolls of blinking
 o - a scroll of identify
Potions
 d - a potion of might
 e - 6 potions of curing
 f - a potion of invisibility
 g - a potion of haste
 h - 4 potions of magic
 i - 4 potions of heal wounds
 m - a potion of resistance


   Skills:
 - Level 15.0 Fighting
 * Level 16.3 Axes
 + Level 12.1 Armour
 + Level 10.4 Dodging
 - Level 15.0 Shields


You had 9 spell levels left.
You didn't know any spells.
Your spell library was empty.

Dungeon Overview and Level Annotations

Branches:
Dungeon (1/1)

Altars:
Cheibriados
Dithmenos
Elyvilon
Fedhas
Gozag
Hepliaklqana
Kikubaaqudgha
Makhleb
Nemelex Xobeh
Okawaru
Qazlal
Ru
Sif Muna
Trog
Uskayaw
Vehumet
Wu Jian
Xom
Yredelemnul
Zin
The Shining One
Beogh
Jiyva
Lugonu


Innate Abilities, Weirdness & Mutations

You have a pair of horns on your head.
You reflexively headbutt those who attack you in melee.


Message History

The catoblepas gores you! The catoblepas gores you. The catoblepas gores you!!
The catoblepas breathes a plume of calcifying dust at you.
The blast of calcifying dust hits you.
You are engulfed in calcifying dust.
The catoblepas gores you!
You are engulfed in calcifying dust.
The catoblepas breathes a plume of calcifying dust at you.
The blast of calcifying dust hits you.
You are engulfed in calcifying dust.
The catoblepas gores you!!
You turn to flesh and can move again.
You see here a catoblepas corpse.
Unknown command.
You slice the catoblepas!!
The catoblepas is heavily wounded.
You are engulfed in calcifying dust.
You are slowing down.
You are no longer berserk.
You are exhausted.
You feel yourself slow down. The catoblepas gores you!!
* * * LOW HITPOINT WARNING * * *
You slash the catoblepas!
The catoblepas is heavily wounded.
You are engulfed in calcifying dust.
The catoblepas roars fiercely, eyes lowered.
The catoblepas gores you!
* * * LOW HITPOINT WARNING * * *
The catoblepas breathes a plume of calcifying dust at you.
The blast of calcifying dust hits you but does no damage.
Your limbs are stiffening.
Unknown command.
Blink to where?
Press: ? - help, Dir - move target
As you read the scroll of blinking, it crumbles to dust.
You feel the effects of Trog's Hand fading.
You have turned to stone.
The catoblepas gores you!
* * * LOW HITPOINT WARNING * * *
The catoblepas gores you!!
You die...

▓▓▓▓▓▓▓▓▓▓▓▓▓▓▓▓▓▓▓▓▓▓▓▓▓▓
......)†.......§@YYY.YY.YY
▓▓▓▓▓▓▓▓▓▓▓▓▓▓▓▓▓▓▓▓▓▓▓▓▓▓▓▓▓▓▓▓▓
.................................
▓▓▓▓▓▓▓▓▓▓▓▓▓▓▓▓▓▓▓▓▓▓▓▓▓▓▓▓▓▓▓▓▓
_________________'.?)..[[.=).)...
▓▓▓▓▓▓▓▓▓▓▓▓▓▓▓▓▓▓▓▓▓▓▓▓▓▓▓▓▓▓▓▓▓


You could see a catoblepas and 4 yaks.

Vanquished Creatures
  A hydra (D)
  A catoblepas (D)
  2 centaur warriors (D)
  An elephant (D)
  A gargoyle (D)
  A cane toad (D)
  2 kobold demonologists (D)
  2 komodo dragons (D)
  A polar bear (D)
  A shadow (D)
  3 yaks (D)
  3 water moccasins (D)
  An orc warrior (D)
  An ogre (D)
  A centaur (D)
  8 bullfrogs (D)
  A howler monkey (D)
  2 iguanas (D)
  A hell rat (D)
  A gnoll (D)
  An adder zombie (D)
  A ball python (D)
  A goblin (D)
  2 bats (D)
  A kobold (D)
41 creatures vanquished.

Notes
Turn   | Place    | Note
-------+----------+-------------------------------------------
     0 | D        | Zeld the Minotaur Fighter began the quest for the Orb.
     0 | D        | Reached XP level 1. HP: 19/19 MP: 0/0
    11 | D        | Reached skill level 3 in Axes
    18 | D        | Noticed an iguana
    18 | D        | Noticed an iguana
    18 | D        | Noticed an ogre
    25 | D        | Killed an iguana
    26 | D        | Reached skill level 5 in Fighting
    26 | D        | Reached skill level 4 in Axes
    26 | D        | Reached skill level 1 in Dodging
    26 | D        | Reached skill level 5 in Shields
    26 | D        | Reached XP level 2. HP: 29/29 MP: 1/1
    26 | D        | Reached XP level 3. HP: 36/36 MP: 2/2
    29 | D        | Reached skill level 5 in Axes
    30 | D        | Killed an ogre
    31 | D        | Reached skill level 6 in Axes
    31 | D        | Reached skill level 5 in Armour
    31 | D        | Reached XP level 4. HP: 47/47 MP: 3/3
    31 | D        | Reached XP level 5. HP: 52/52 MP: 4/4
    64 | D        | Found a snail-covered altar of Cheibriados.
    64 | D        | Found a shadowy altar of Dithmenos.
    64 | D        | Found a white marble altar of Elyvilon.
    64 | D        | Found a blossoming altar of Fedhas.
    64 | D        | Found an opulent altar of Gozag.
    65 | D        | Found a hazy altar of Hepliaklqana.
    66 | D        | Found a viscous altar of Jiyva.
    67 | D        | Found an ancient bone altar of Kikubaaqudgha.
    68 | D        | Found a corrupted altar of Lugonu.
    69 | D        | Found a burning altar of Makhleb.
    70 | D        | Found a sparkling altar of Nemelex Xobeh.
    71 | D        | Found an iron altar of Okawaru.
    72 | D        | Found a stormy altar of Qazlal.
    73 | D        | Found a sacrificial altar of Ru.
    74 | D        | Found a shimmering blue altar of Sif Muna.
    75 | D        | Found a bloodstained altar of Trog.
    76 | D        | Found a hide-covered altar of Uskayaw.
    77 | D        | Found a radiant altar of Vehumet.
    78 | D        | Found an ornate altar of the Wu Jian Council.
    79 | D        | Found a shimmering altar of Xom.
    80 | D        | Found a basalt altar of Yredelemnul.
    81 | D        | Found a glowing silver altar of Zin.
    82 | D        | Found a glowing golden altar of the Shining One.
    85 | D        | Became a worshipper of Trog the Wrathful
   122 | D        | Noticed a gargoyle
   122 | D        | Noticed a yak
   122 | D        | Noticed a yak
   122 | D        | Noticed a centaur
   122 | D        | Noticed an orc warrior
   122 | D        | Noticed a kobold demonologist
   125 | D        | Noticed an orange demon
   125 | D        | Killed a gargoyle
   126 | D        | Reached skill level 9 in Axes
   126 | D        | Reached skill level 5 in Dodging
   126 | D        | Reached XP level 6. HP: 64/64 MP: 5/5
   128 | D        | Killed a yak
   129 | D        | Reached skill level 10 in Fighting
   129 | D        | Reached skill level 10 in Shields
   129 | D        | Reached XP level 7. HP: 63/72 MP: 6/6
   133 | D        | Killed a yak
   133 | D        | Reached * piety under Trog
   134 | D        | Reached skill level 10 in Axes
   137 | D        | Noticed an ice devil
   154 | D        | Killed a kobold demonologist
   154 | D        | Reached ** piety under Trog
   155 | D        | Reached skill level 11 in Axes
   155 | D        | Reached XP level 8. HP: 15/82 MP: 7/7
   457 | D        | Noticed a centaur warrior
   457 | D        | Noticed a centaur warrior
   457 | D        | Noticed an eight-headed hydra
   457 | D        | Noticed a kobold demonologist
   460 | D        | Killed a centaur warrior
   461 | D        | Reached skill level 12 in Axes
   465 | D        | Killed a centaur warrior
   466 | D        | Reached XP level 9. HP: 93/93 MP: 8/8
   470 | D        | Killed a 13-headed hydra
   470 | D        | Reached *** piety under Trog
   471 | D        | Reached skill level 13 in Axes
   471 | D        | Reached skill level 10 in Armour
   475 | D        | Noticed a hellwing
   476 | D        | Killed a kobold demonologist
   477 | D        | Reached **** piety under Trog
   824 | D        | Noticed a komodo dragon
   829 | D        | Noticed a cane toad
   830 | D        | Reached skill level 14 in Axes
   843 | D        | Killed a komodo dragon
   843 | D        | Reached ***** piety under Trog
   844 | D        | Reached XP level 10. HP: 65/104 MP: 9/9
   844 | D        | Killed a cane toad
   938 | D        | Noticed an elephant
   952 | D        | Received a gift from Trog
   957 | D        | Reached skill level 15 in Fighting
   957 | D        | Reached skill level 15 in Shields
   964 | D        | Reached skill level 15 in Axes
   969 | D        | Killed an elephant
   981 | D        | Reached skill level 10 in Dodging
  1117 | D        | Noticed a catoblepas
  1117 | D        | Noticed a catoblepas
  1123 | D        | Killed a catoblepas
  1124 | D        | Reached skill level 16 in Axes
  1138 | D        | Slain by a catoblepas

Illustrated notes

Levels and vault maps discovered:
D:        linesprint [early_d, line_temple, items_1, d_10, items_2, lair_1,
          lair_end, items_3, orc_1, orc_end, items_4, d_15, swamp_1, shoals_1,
          snake_1, spider_1, d_20, vaults_1, items_5, swamp_end, shoals_end,
          snake_end, spider_end, vaults_end, d_27, items_6, zot_1, zot_end,
          crypt_end, forest_end, elf_end, slime_end, tomb_end, abyss_end,
          pan_hell_end]

Skill      XL: |  1  2  3  4  5  6  7  8  9 10 |
---------------+-------------------------------+-----
Fighting       | 5 7 9 10 11 13 14 15 | 15.0
Shields        | 5 7 9 10 11 13 14 15 | 15.0
Axes           | 4 6 9 11 12 14 16 | 16.3
Armour         | 4 5 7 8 9 10 12 | 12.1
Dodging        | 1 3 5 6 7 9 10 | 10.4

Action                   |  1- 3 |  4- 6 |  7- 9 | 10-12 || total
-------------------------+-------+-------+-------+-------++-------
Melee: War axe           |    18 |    10 |    57 |    48 ||   133
       Headbutt          |     4 |     6 |    14 |    10 ||    34
Invok: Berserk           |       |       |     2 |     2 ||     4
       Trog's Hand       |       |       |       |     2 ||     2
  Use: Potion            |     2 |       |       |       ||     2
       Scroll            |       |       |     4 |     1 ||     5
Armor: Scale mail        |    10 |       |    18 |     9 ||    37
Dodge: Dodged            |     8 |     6 |    28 |    16 ||    58
Block: Buckler           |     1 |     3 |    16 |    10 ||    30
